[Event "Mitropa Cup Open 2024"]
[Site "Apolda"]
[Date "2024.02.16"]
[Round "2.1"]
[White "Baidetskyi, Valentin"]
[Black "Bluebaum, Matthias"]
[Result "1/2-1/2"]
[ECO "C48"]
[WhiteElo "2499"]
[BlackElo "2655"]
[Annotator "TA"]
[PlyCount "60"]
[EventDate "2024.02.15"]
[EventType "team-tourn"]
[EventCountry "GER"]
[SourceTitle "playchess.com"]
[Source "ChessBase"]
[SourceQuality "1"]
[WhiteTeam "Austria"]
[BlackTeam "Germany"]
[WhiteTeamCountry "AUT"]
[BlackTeamCountry "GER"]
[TimeControl "40/5400+30:1800+30"]

1. e4 e5 2. Nf3 Nc6 3. Nc3 Nf6 4. Bb5 Nd4 5. Nxd4 exd4 6. e5 dxc3 7. exf6 Qxf6 8. dxc3 Bc5 9. Qe2+ {[%emt 0:00:21] The position is equal.} Qe7 10. O-O Qxe2 11. Bxe2 d5 12. Bf4 c6 13. c4 Be6 14. cxd5 Bxd5 15. Rfe1 O-O 16. Bd3 Rfe8 17. a4 a5 18. Bd2 b6 19. Rxe8+ Rxe8 20. Re1 Rxe1+ 21. Bxe1 $11 {[%emt 0:00:03][%mdl 4096] Endgame. KBB-KBB} g6 22. Kf1 f5 23. c4 Be6 24. f4 Kf7 25. Ke2 Bd4 26. b4 axb4 27. Bxb4 c5 28. Bd2 Bd7 29. a5 bxa5 30. Bxa5 Bc6 {[%emt 0:00:05] A rather calm draw.   Weighted Error Value: White=0.01 (flawless) /Black=0.00 (flawless) .  OK:         	White=9     	Black=7      Best:        	---       	Black=1} 1/2-1/2

[Event "Mitropa Cup Open 2024"]
[Site "Apolda"]
[Date "2024.02.16"]
[Round "2.2"]
[White "Svane, Rasmus"]
[Black "Peyrer, Konstantin"]
[Result "1/2-1/2"]
[ECO "D45"]
[WhiteElo "2637"]
[BlackElo "2439"]
[Annotator "TA"]
[PlyCount "115"]
[EventDate "2024.02.15"]
[EventType "team-tourn"]
[EventCountry "GER"]
[SourceTitle "playchess.com"]
[Source "ChessBase"]
[SourceQuality "1"]
[WhiteTeam "Germany"]
[BlackTeam "Austria"]
[WhiteTeamCountry "GER"]
[BlackTeamCountry "AUT"]
[TimeControl "40/5400+30:1800+30"]

1. Nf3 Nf6 2. c4 e6 3. Nc3 d5 4. d4 c6 5. e3 a6 6. h3 {[%emt 0:00:18] D45: Semi-Slav: 5 e3.} Nbd7 7. Qc2 dxc4 8. a4 c5 9. Bxc4 cxd4 10. exd4 Nb6 11. Bb3 Bd7 $146 ({Predecessor:} 11... Be7 12. O-O O-O 13. Rd1 Bd7 14. Ne5 Rc8 15. Qd3 Bc6 16. Bg5 Nfd5 17. Bd2 Nf6 {1-0 Tkachiev,V (2657)-Bacrot,E (2700) Porto Vecchio m 2008 (1)}) 12. Ne5 Nbd5 13. Bxd5 Nxd5 14. Nxd5 exd5 15. O-O Be7 16. Qb3 f6 17. Nd3 Bc6 18. Bd2 Kf7 19. Bb4 Re8 20. Bxe7 Rxe7 21. Rfc1 Qd6 22. Rc5 Rae8 23. Qc3 Re2 24. b3 R8e4 25. Rf1 Re6 26. Nb4 $1 h6 27. Nxc6 $1 bxc6 (27... b6 28. Ne5+ fxe5 29. Rc7+ (29. Qf3+ Rf6 $18) 29... Ke8 (29... Kg8 $2 30. Rc8+ Kh7 31. Qd3+ Re4 32. f3 $18) 30. Rxg7 $18) 28. Ra5 R6e3 {[%emt 0:00:33] [#]} 29. Qc1 $1 (29. fxe3 $2 Qg3) (29. Qxe3 $6 Rxe3 30. fxe3 Qe7 $11) 29... Rxb3 30. Rxa6 Qb4 31. Ra7+ (31. Rxc6 Qxd4 32. Qc5 Qxc5 (32... Qxa4 $2 33. Rc7+ Kg6 34. Qxd5 $18) 33. Rxc5 Ra3 $11) 31... Kg6 {[%emt 0:05:28] [#]} 32. Qxc6 ({Only move:} 32. Qf4 $1 $16 {[%cal Rf4g4] Qg4+ would kill now.} Re7 33. Qg4+ Kf7 34. Qh5+ Ke6 35. Rxe7+ Kxe7 36. Qe2+ Kd6 37. Qe8) 32... Rb1 $1 $11 (32... Qxd4 $2 {loses.} 33. Qd7 f5 34. Ra6+ Rb6 35. Qa7 Rxa6 36. Qxa6+ (36. Qxd4 Re4 $18) 36... Kh7 37. Qxe2 $18) 33. Rxb1 (33. Qxd5 {is a self mate.} Rxf1+ 34. Kh2 Qb8+ (34... Rfxf2 $2 35. Qf7+ Kg5 36. Qxg7+ Kf4 37. Qxf6+ Ke4 38. Re7+ Kd3 39. Qg6+ Kxd4 40. Qg4+ Kc3 41. Qxe2 $19) (34... Rfxf2 35. Qf7+ Kg5 36. Qxg7+ Kf4 37. Qxf6+ Ke4 38. Re7+ Kd3 39. Qg6+ Kxd4 40. Qg4+ Kc3 41. Rxe2 $19)) 33... Qxb1+ 34. Kh2 Qb8+ 35. Qc7 $1 Qxc7+ 36. Rxc7 Rxf2 37. Rc5 Ra2 38. a5 (38. Rxd5 Rxa4 39. h4 Kf7 $11) 38... Ra4 39. Rxd5 Kf7 40. Rd7+ Kg6 41. Rd5 Kf7 42. Rb5 Rxd4 43. Rb7+ (43. a6 $5 Ra4 $8 44. Rb7+ Kg6 45. a7 $11) 43... Kg6 44. a6 Ra4 45. a7 f5 46. Kg3 Kf6 47. Kf3 Ra3+ 48. Ke2 g5 49. Kd2 g4 50. hxg4 fxg4 51. Kc2 h5 52. Kb2 Ra5 53. Kc3 h4 54. Kb4 Ra1 55. Rb6+ Kg7 56. Rb7+ Kf6 57. Rb6+ Kg7 58. Rb7+ 1/2-1/2

[Event "Mitropa Cup Open 2024"]
[Site "Apolda"]
[Date "2024.02.16"]
[Round "2.3"]
[White "Morgunov, Marc"]
[Black "Donchenko, Alexander"]
[Result "0-1"]
[ECO "B10"]
[WhiteElo "2368"]
[BlackElo "2643"]
[Annotator "TA"]
[PlyCount "86"]
[EventDate "2024.02.15"]
[EventType "team-tourn"]
[EventCountry "GER"]
[SourceTitle "playchess.com"]
[Source "ChessBase"]
[SourceQuality "1"]
[WhiteTeam "Austria"]
[BlackTeam "Germany"]
[WhiteTeamCountry "AUT"]
[BlackTeamCountry "GER"]
[TimeControl "40/5400+30:1800+30"]

1. e4 c6 2. Nf3 d5 3. d3 g6 4. e5 c5 5. c3 Nc6 6. h3 {[%emt 0:14:49] B10: Caro-Kann: 2 d3 and 2 c4.} f6 7. exf6 Nxf6 8. d4 Bg7 9. dxc5 O-O 10. Be2 e5 $146 ({Predecessor:} 10... Ne4 11. Be3 e5 12. Nbd2 Nf6 13. Nb3 Qe7 14. O-O Kh8 15. Re1 Be6 16. Bb5 Nd7 {1-0 Abrahamyan,T (2262)-Peycheva,G (2287) WchT (Women) Pool-B rapid 2023 (2.3)}) 11. O-O Ne4 12. b4 a5 13. b5 Ne7 14. Ba3 Qc7 (14... Nf5 $11) 15. Qb3 (15. c4 $14 Be6 16. Qc2) 15... Be6 (15... Nxc5 16. b6 Nxb3 17. bxc7 Nxa1 18. Bxe7) 16. b6 Qd7 17. Nbd2 Nxd2 $1 18. Nxd2 Nc6 19. Rad1 Kh8 (19... a4 $11 20. Qc2 Qe7) 20. Ne4 $1 $16 a4 21. Qc2 Rf4 (21... Bf5 $16 {keeps fighting.}) 22. Nd6 $18 Rh4 23. Bc1 Bxh3 $2 (23... Ra5 {was worth a try.}) 24. Qd3 $18 (24. gxh3 Qxh3 25. Nf7+ Kg8) 24... Be6 25. Bg5 Rf4 26. Bxf4 exf4 27. Rfe1 Ne5 28. Qb5 Qe7 29. f3 Qg5 30. Rf1 (30. Nxb7 Bh3 31. g4 Qh4 (31... fxg3 $2 32. Rd3 $19) 32. Kh1 Bxg4+ 33. Kg1 Qg3+ (33... Bxf3 $2 34. Bxf3 Nxf3+ 35. Kf1 $19) 34. Kh1 Nxf3) 30... Bf6 {[%emt 0:03:20] [#]} (30... Qe7 $142 31. Rd4 a3) 31. c6 $2 (31. Nxb7 $1 $18 Qh6 32. Qb2) 31... bxc6 $14 32. b7 Rb8 33. Qc5 (33. Qa5 $14 {keeps the upper hand.} Bd8 34. Qb4 (34. Qxa4 Bb6+ 35. Rd4 Bc5 $19)) 33... Be7 $1 $17 34. Ba6 $2 (34. Qb4 $17 {was forced.}) 34... Kg8 $2 (34... Rd8 35. Qb4 Bxd6 36. Qxd6 Rxd6 37. b8=Q+ Rd8 38. Qb4 $14) (34... Qf6 $19 35. c4 Bg8) 35. Rf2 $2 {[%emt 0:00:52][%mdl 8192] [#]} (35. c4 $11) 35... Bd7 $2 {[%emt 0:01:32] [#]} ({Worse is} 35... Rd8 36. Qb4 Rb8 (36... Bxd6 37. Qxd6 Rxd6 38. b8=Q+ Rd8 39. Qc7 $14) 37. Rdd2 $11) ({Black should play} 35... Qf6 $1 $19 {Strongly threatening ...Bf7.} 36. c4 Bf7) 36. c4 $2 (36. Rxd5 $1 $16 {is necessary to keep the advantage.} cxd5 37. Qc7) 36... Qf6 $19 37. cxd5 Bxd6 38. Qd4 $2 (38. Qc3 {might work better.} c5 39. Kf1) 38... c5 $19 39. Qc3 c4 40. Re1 Kf7 41. Rfe2 (41. Re4 $142) 41... Bc5+ $19 42. Kf1 Qh4 43. Rc2 Nd3 (43... Qh1+ 44. Ke2 Qxg2+ 45. Kd1 Qxf3+ 46. Qxf3 Nxf3 47. Rf1 $19) (43... Bf5 $142 44. Bxc4 Bxc2 (44... Rxb7 $2 45. d6+ Kf8 46. Ba6 $19) (44... Qh1+ $2 45. Ke2 $19) 45. Qxc2 Nxc4 (45... Qh1+ $2 46. Ke2 $19)) 0-1

[Event "Mitropa Cup Open 2024"]
[Site "Apolda"]
[Date "2024.02.16"]
[Round "2.4"]
[White "Svane, Frederik"]
[Black "Dotzer, Lukas"]
[Result "1-0"]
[ECO "B48"]
[WhiteElo "2625"]
[BlackElo "2335"]
[Annotator "TA"]
[PlyCount "77"]
[EventDate "2024.02.15"]
[EventType "team-tourn"]
[EventCountry "GER"]
[SourceTitle "playchess.com"]
[Source "ChessBase"]
[SourceQuality "1"]
[WhiteTeam "Germany"]
[BlackTeam "Austria"]
[WhiteTeamCountry "GER"]
[BlackTeamCountry "AUT"]
[TimeControl "40/5400+30:1800+30"]

1. e4 c5 2. Nf3 e6 3. d4 cxd4 4. Nxd4 Nc6 5. Nc3 Qc7 6. Be3 a6 7. a3 b5 8. Nxc6 Qxc6 9. h4 Bb7 10. h5 $1 Nf6 {[%emt 0:04:27] The position is equal.} 11. f3 Bd6 12. Qd4 {[%emt 0:00:14] [#] Strongly threatening e5.} Bg3+ 13. Bf2 e5 14. Qd2 Bf4 15. Be3 Bg3+ 16. Kd1 d5 17. Nxd5 Nxd5 18. exd5 Qxd5 19. Qxd5 Bxd5 20. a4 O-O-O 21. Kc1 Bc6 {[%emt 0:06:36] [#]} 22. axb5 $1 axb5 23. Ra5 (23. Bd3 $16) 23... b4 (23... e4 $1 $14) 24. Bd3 $16 Kb8 (24... b3 $16 25. Rc5 Rd6) 25. Ra6 Bb7 (25... Rd6 $142 26. Rh3 Bf4) 26. Rb6 $18 Kc7 27. Rxb4 {[%emt 0:00:12] Threatens to win with Bb6+.} Ra8 {[%emt 0:00:24] ...Ra1+ would now be deadly.} 28. Kd2 f5 $2 (28... g6 {keeps fighting.} 29. Rh3 Bf4 30. Rc4+ Kd6 31. Bxf4 exf4 32. hxg6 (32. Rxf4 Bc8 $18) 32... hxg6 33. Rxh8 (33. Rxf4 Rxh3 34. gxh3 f5 $18) 33... Rxh8 34. Rxf4 f5) 29. Bxf5 Rhd8+ 30. Bd3 {[%emt 0:00:22] And now Bb6+ would win. White is clearly winning.} Rd6 (30... Bf4 $142 31. Rc4+ Kb8 32. Bxf4 exf4 33. Rxf4 h6) 31. Rg4 Bf4 32. Bxf4 exf4 33. Rxg7+ Kb6 34. Rh4 Ra4 35. b3 Rad4 36. Kc3 h6 37. Rg6 Kc7 38. Rxd6 Rxd6 39. Rxf4 {[%emt 0:00:01] Weighted Error Value: White=0.16 (very precise) /Black=0.41.  Mistake:       	White=1     	Black=5      Inaccurate:     	---       	Black=3      OK:         	White=9     	Black=4      Best:        	White=4     	---        Strong:       	White=1     	---} 1-0

[Event "Mitropa Cup Open 2024"]
[Site "Apolda"]
[Date "2024.02.16"]
[Round "2.5"]
[White "Krstulovic, Alex"]
[Black "Vykouk, Jan"]
[Result "1/2-1/2"]
[ECO "E97"]
[WhiteElo "2414"]
[BlackElo "2493"]
[Annotator "RC"]
[PlyCount "94"]
[EventDate "2024.02.15"]
[EventType "team-tourn"]
[EventCountry "GER"]
[SourceTitle "playchess.com"]
[Source "ChessBase"]
[SourceQuality "1"]
[WhiteTeam "Hungary"]
[BlackTeam "Czech Republic"]
[WhiteTeamCountry "HUN"]
[BlackTeamCountry "CZE"]
[TimeControl "40/5400+30:1800+30"]

1. d4 Nf6 2. c4 g6 3. Nc3 Bg7 4. e4 d6 5. Be2 O-O 6. Nf3 e5 7. O-O Nc6 8. d5 Ne7 9. Kh1 Kh8 10. Ng1 Nd7 11. f4 f5 12. Nf3 exf4 13. Bxf4 h6 14. exf5 Nxf5 15. g4 g5 16. gxf5 gxf4 17. Nd4 Qh4 18. Ncb5 Nc5 19. Nxc7 Rb8 20. Qd2 Bxf5 21. Nxf5 Rxf5 22. Bf3 Qe7 23. Nb5 a6 24. Nd4 Bxd4 25. Qxd4+ Qe5 26. Rad1 a5 27. Qd2 Rg8 28. Rde1 Qf6 29. Qxa5 Qxb2 30. Qc7 Qf6 31. Rg1 Rfg5 32. Rxg5 Qxg5 33. Qe7 Qxe7 34. Rxe7 Nd3 35. h4 Rg3 36. Be2 Ne5 37. c5 f3 38. cxd6 fxe2 39. Rxe5 Rd3 40. Rxe2 Rxd5 41. Re6 Kg7 42. Kg2 h5 43. Kf3 Kf7 44. Rh6 Ke8 45. Ke4 Ra5 46. Rh7 Rxa2 47. Rxh5 Ra4+ 1/2-1/2

[Event "Mitropa Cup Open 2024"]
[Site "Apolda"]
[Date "2024.02.16"]
[Round "2.6"]
[White "Kraus, Tomas"]
[Black "Vanczak, Tamas"]
[Result "1/2-1/2"]
[ECO "D05"]
[WhiteElo "2484"]
[BlackElo "2431"]
[Annotator "TA"]
[PlyCount "60"]
[EventDate "2024.02.15"]
[EventType "team-tourn"]
[EventCountry "GER"]
[SourceTitle "playchess.com"]
[Source "ChessBase"]
[SourceQuality "1"]
[WhiteTeam "Czech Republic"]
[BlackTeam "Hungary"]
[WhiteTeamCountry "CZE"]
[BlackTeamCountry "HUN"]
[TimeControl "40/5400+30:1800+30"]

1. d4 d5 2. Nf3 e6 3. e3 Nf6 4. Bd3 c5 5. b3 Nbd7 6. O-O Bd6 7. Bb2 b6 8. a4 O-O 9. c4 Bb7 10. Nc3 a6 11. cxd5 exd5 12. Ne2 Ne4 13. dxc5 Ndxc5 14. Ned4 Bc8 {[%emt 0:04:32] Against Nf5} 15. b4 Nxd3 16. Qxd3 Qf6 17. Qb3 Qg6 18. Qxd5 {[%emt 0:05:30] Threatens to win with Nh4.} Be6 $1 (18... Bh3 $2 19. Nh4 Qg4 20. Ndf5 Bxg2 21. Nxg2 $18) 19. Nxe6 fxe6 20. Qd1 Rad8 21. Nd4 $2 {[%emt 0:01:40][%mdl 8192] [#]} (21. Nh4 Qg5 22. Nf3 Bxh2+ 23. Kxh2 Qh5+ 24. Kg1 Rxd1 25. Raxd1 h6 $19) (21. Bd4 $14) 21... Nxf2 $1 22. Rxf2 $15 {[%emt 0:01:44] [#]} Bxh2+ $1 23. Kf1 $1 Rxf2+ (23... e5 $5 24. Rxf8+ Rxf8+ 25. Nf3 e4 $11) 24. Kxf2 {[%emt 0:00:04] aiming for Qb3. The position is equal.} Qg3+ 25. Kf1 {[%emt 0:01:56] Qb3 would now be deadly.} Qxe3 26. Qg4 $1 {[%emt 0:00:42][%cal Oa1e1] Hoping for Re1!} Rf8+ $1 ({Don't go for} 26... Be5 $2 27. Ra3 (27. Nxe6 $2 {is the wrong capture.} Rd2 $19) (27. Qxe6+ Kh8 $11) 27... Qh6 28. Rd3 $18 (28. Nxe6 $2 Qh1+ 29. Ke2 Qd1+ 30. Ke3 Qxg4 $19)) 27. Nf3 Qd3+ 28. Ke1 Qe3+ 29. Kf1 Qd3+ 30. Ke1 Qe3+ {[%emt 0:00:05] Weighted Error Value: White=0.31/Black=0.43.  Loses game:     	White=1     	---        Missed win:     	---       	Black=1      Inaccurate:     	White=1     	Black=3      OK:         	White=5     	Black=6      Best:        	White=6     	Black=4      Strong:       	White=2     	Black=2      Brilliant:      	---       	Black=1} 1/2-1/2

[Event "Mitropa Cup Open 2024"]
[Site "Apolda"]
[Date "2024.02.16"]
[Round "2.7"]
[White "Pasztor, Balazs"]
[Black "Stalmach, Richard"]
[Result "1/2-1/2"]
[ECO "B90"]
[WhiteElo "2395"]
[BlackElo "2433"]
[Annotator "RC"]
[PlyCount "160"]
[EventDate "2024.02.15"]
[EventType "team-tourn"]
[EventCountry "GER"]
[SourceTitle "playchess.com"]
[Source "ChessBase"]
[SourceQuality "1"]
[WhiteTeam "Hungary"]
[BlackTeam "Czech Republic"]
[WhiteTeamCountry "HUN"]
[BlackTeamCountry "CZE"]
[TimeControl "40/5400+30:1800+30"]

1. e4 c5 2. Nf3 d6 3. d4 cxd4 4. Nxd4 Nf6 5. Nc3 a6 6. Rg1 b5 7. a4 b4 8. Nd5 Nxd5 9. exd5 Bb7 10. Nf5 Qc7 11. Qd4 e5 12. Qc4 Qxc4 13. Bxc4 Nd7 14. a5 Rc8 15. b3 g6 16. Ne3 f5 17. Ra4 f4 18. Rxb4 Nc5 19. Nd1 Be7 20. Bd2 Rb8 21. Rb6 Bd8 22. Rxd6 Bc7 23. Rb6 Bxb6 24. axb6 Nd7 25. Ba5 Bc8 26. Bd3 Nxb6 27. c4 Bf5 28. Kd2 Nd7 29. b4 O-O 30. Re1 f3 31. gxf3 Bxd3 32. Kxd3 Rxf3+ 33. Re3 Rf4 34. Re4 Rbf8 35. d6 Rf3+ 36. Ke2 R8f4 37. Rxf4 Rxf4 38. c5 Nb8 39. d7 Nxd7 40. c6 Nf6 41. Nb2 Re4+ 42. Kf1 Nd5 43. c7 Nxc7 44. Bxc7 Rxb4 45. Nd3 Rb1+ 46. Ke2 e4 47. Nc5 Rc1 48. Bd6 Kf7 49. Ke3 a5 50. Kd4 Kf6 51. Nxe4+ Kf5 52. f3 h5 53. h4 Ke6 54. Bf4 Rh1 55. Bg5 Rf1 56. Nd2 Ra1 57. Kc4 a4 58. Kb4 Kd5 59. Ne4 a3 60. Kb3 Rb1+ 61. Kxa3 Kd4 62. Ka4 Rb8 63. Ka5 Rb3 64. Nd2 Rb8 65. Ka6 Kd3 66. Ne4 Ke2 67. f4 Kf3 68. Nf6 Rb4 69. Nd5 Rd4 70. Ne7 Rxf4 71. Nxg6 Rb4 72. Ka5 Rb1 73. Ne7 Kg3 74. Ng6 Kg4 75. Ka4 Kf5 76. Ne7+ Ke6 77. Ka3 Rg1 78. Ng6 Kf5 79. Nf4 Rxg5 80. hxg5 Kxg5 1/2-1/2

[Event "Mitropa Cup Open 2024"]
[Site "Apolda"]
[Date "2024.02.16"]
[Round "2.8"]
[White "Nemec, Jachym"]
[Black "Karacsonyi, Gellert"]
[Result "1-0"]
[ECO "D31"]
[WhiteElo "2393"]
[BlackElo "2398"]
[Annotator "TA"]
[PlyCount "89"]
[EventDate "2024.02.15"]
[EventType "team-tourn"]
[EventCountry "GER"]
[SourceTitle "playchess.com"]
[Source "ChessBase"]
[SourceQuality "1"]
[WhiteTeam "Czech Republic"]
[BlackTeam "Hungary"]
[WhiteTeamCountry "CZE"]
[BlackTeamCountry "HUN"]
[TimeControl "40/5400+30:1800+30"]

1. d4 d5 2. c4 e6 3. Nc3 h6 4. Bf4 Bd6 5. Bxd6 Qxd6 6. e3 Nf6 7. Nf3 O-O 8. Qc2 {[%emt 0:02:25] White is slightly better.} Nc6 9. c5 Qe7 10. Bb5 Nd8 11. O-O b6 (11... a6 $11 {should be considered.} 12. Be2 Nc6) 12. b4 {[%emt 0:02:46] White has more active pieces.} a6 13. Ba4 Bd7 14. Rfe1 Bxa4 15. Qxa4 Qe8 16. Ne5 bxc5 17. bxc5 Qxa4 18. Nxa4 Nb7 19. Rab1 Na5 20. f3 {[%emt 0:01:09] Wards off Ne4} Rfd8 21. Kf2 Kf8 (21... Nd7 $11 {keeps the balance.}) 22. Nc3 (22. c6 $1 $16) 22... Nd7 $11 23. Nd3 Nb8 24. Rb4 Nbc6 25. Ra4 Nc4 26. Rb1 f6 (26... a5 $11) 27. Nf4 $16 Kf7 {[%emt 0:06:28] [#]} 28. e4 $1 $36 {[%emt 0:03:35][%cal Be3e4,Be4d5,Bd5d6][%mdl 2080] Black is under strong pressure.} Nd2 $2 {[%emt 0:02:29][%mdl 8192] Black cannot hold the game after this.} (28... Ne7 $16 {is tougher.}) 29. Rd1 (29. Rb7 $142 dxe4 30. Rxc7+ Ne7 31. d5 (31. fxe4 g5 $18) (31. Nxe4 Nxe4+ 32. fxe4 g5 $18)) 29... Nc4 $18 {[%emt 0:00:01] [#] Threatens to win with ...Nb2.} 30. Nxe6 $1 Nb2 (30... Kxe6 $142 31. exd5+ Kf7) 31. Nxc7 (31. Nxd8+ $6 Rxd8 32. Ke3 (32. Rxa6 Nxd1+ 33. Nxd1 Nxd4 $11) 32... dxe4 $16) 31... Nxa4 32. Nxa4 Rab8 33. exd5 Nb4 34. d6 {[%emt 0:00:12] White is clearly winning.} Nxa2 35. Re1 (35. Nxa6 Ra8 36. Ra1 (36. Rd2 Nc1 $14) 36... Rxa6 37. Rxa2 Rda8 $11) 35... Kg6 36. Re7 {[%emt 0:01:00][%cal Oc7e6] Ne6! is the strong threat.} Nb4 37. Ne6 Rg8 38. Nb6 {[%emt 0:00:44] Wards off Nd5} a5 39. g4 a4 40. Ra7 Rbe8 41. d5 Nd3+ 42. Kg3 {[%emt 0:00:00][%cal Oc5c6] Strongly threatening c6!} Rxe6 43. dxe6 Nxc5 44. e7 (44. Nd5 $142 Nxe6 45. f4 (45. Rxa4 Rd8 $16) (45. Ne7+ Kh7 $18)) 44... Kf7 45. Rc7 {[%emt 0:00:00] Weighted Error Value: White=0.36/Black=0.43.  Loses game:     	---       	Black=1      Mistake:       	White=2     	Black=4      Inaccurate:     	White=4     	Black=4      OK:         	White=14    	Black=12     Best:        	White=1     	---        Strong:       	White=2     	---} 1-0

[Event "Mitropa Cup Open 2024"]
[Site "Apolda"]
[Date "2024.02.16"]
[Round "2.9"]
[White "Moroni, Luca Jr"]
[Black "Subelj, Jan"]
[Result "0-1"]
[ECO "D02"]
[WhiteElo "2601"]
[BlackElo "2512"]
[Annotator "TA"]
[PlyCount "70"]
[EventDate "2024.02.15"]
[EventType "team-tourn"]
[EventCountry "GER"]
[SourceTitle "playchess.com"]
[Source "ChessBase"]
[SourceQuality "1"]
[WhiteTeam "Italy"]
[BlackTeam "Slovenia"]
[WhiteTeamCountry "ITA"]
[BlackTeamCountry "SLO"]
[TimeControl "40/5400+30:1800+30"]

1. Nf3 d5 2. g3 Nc6 3. d4 Bf5 4. Bg2 e6 5. O-O Nb4 6. Na3 Nc6 7. b3 h6 8. Bb2 Nf6 {[%emt 0:01:18] White has an edge.} 9. c4 Be7 10. Nc2 O-O 11. Ne5 Nb4 12. Ne3 {[%emt 0:11:41] [#] Strongly threatening a3.} Be4 13. f3 Bh7 14. a3 {[%emt 0:01:01] Dodges c5} Na6 15. c5 c6 16. b4 Nb8 17. Bc3 Nbd7 18. Nd3 b6 19. Rc1 Qc7 20. g4 Rfe8 21. Be1 bxc5 {[%emt 0:01:03] Black is more active.} 22. bxc5 Bd8 23. Bg3 Qc8 24. Qa4 Bc7 25. Qxc6 $2 {[%emt 0:03:52] [#] This costs White the game.} ({White should play} 25. f4 $15) 25... Bf4 $1 $19 26. Qxc8 Bxe3+ 27. Bf2 Bxf2+ (27... Raxc8 28. Bxe3 Bxd3 29. exd3 $16) 28. Kxf2 Raxc8 29. c6 Nb8 30. Ne5 (30. c7 {was worth a try.} Na6 31. Ne5) 30... Rc7 {[%emt 0:00:07] Black is winning.} 31. Rc5 Rec8 32. Rfc1 Ne8 33. e4 dxe4 34. fxe4 f6 35. Nd7 Nxc6 {[%emt 0:00:45] Weighted Error Value: White=0.28 (precise) /Black=0.07 (flawless) .  Loses game:     	White=1     	---        Mistake:       	White=1     	---        Inaccurate:     	White=1     	Black=1      OK:         	White=8     	Black=17     Best:        	White=2     	Black=2      Brilliant:      	---       	Black=1} 0-1

[Event "Mitropa Cup Open 2024"]
[Site "Apolda"]
[Date "2024.02.16"]
[Round "2.10"]
[White "Goroshkov, Maksym"]
[Black "David, Alberto"]
[Result "1-0"]
[ECO "E32"]
[WhiteElo "2338"]
[BlackElo "2525"]
[Annotator "ChessBase"]
[PlyCount "227"]
[EventDate "2024.02.15"]
[EventType "team-tourn"]
[EventCountry "GER"]
[SourceTitle "playchess.com"]
[Source "ChessBase"]
[SourceQuality "1"]
[WhiteTeam "Slovenia"]
[BlackTeam "Italy"]
[WhiteTeamCountry "SLO"]
[BlackTeamCountry "ITA"]
[TimeControl "40/5400+30:1800+30"]

1. d4 Nf6 2. c4 e6 3. Nc3 Bb4 4. Qc2 d6 5. e4 Nbd7 6. Nf3 Bxc3+ 7. bxc3 e5 8. Bd3 O-O 9. O-O Re8 10. c5 h6 11. cxd6 cxd6 12. Ba3 Qc7 13. Rad1 d5 14. Nxe5 dxe4 15. Bb5 a6 16. Bxd7 Bxd7 17. Nxd7 Qxd7 18. d5 Rac8 19. d6 Re5 20. c4 b5 21. c5 a5 22. Qd2 Rg5 23. f4 exf3 24. Rxf3 b4 25. Bb2 Ne4 26. Qe3 Nxc5 27. Rg3 Ne6 28. Rxg5 hxg5 29. Rd2 a4 30. h3 a3 31. Be5 f6 32. Bg3 Rc3 33. Qe1 b3 34. axb3 Rxb3 35. Kh2 Kf7 36. Qd1 Re3 37. Qh5+ Kg8 38. Qg4 g6 39. Qb4 f5 40. Bf2 Re4 41. Qxa3 Ra4 42. Qb2 Ra8 43. Qf6 Qf7 44. Qe5 Re8 45. Bb6 Nf8 46. Qg3 Nd7 47. Bd4 g4 48. hxg4 f4 49. Qh3 Qh7 50. Qxh7+ Kxh7 51. g5 Kg8 52. Kh3 Re6 53. Bf6 Kf7 54. Rd4 Re3+ 55. Kg4 Ke6 56. Kxf4 Re2 57. Kg3 Re3+ 58. Kf2 Ra3 59. Rd2 Ra4 60. g3 Nc5 61. Kg2 Nd7 62. Kh3 Re4 63. Be7 Ne5 64. Rf2 Nd7 65. Ra2 Re3 66. Ra8 Rb3 67. Rg8 Kf7 68. Rd8 Ke6 69. Rg8 Kf7 70. Rh8 Kg7 71. Rh4 Rd3 72. Rf4 Rd2 73. Bf6+ Kg8 74. Be7 Kg7 75. Rf1 Rd3 76. Kg2 Rd2+ 77. Kf3 Rd3+ 78. Kf4 Rd4+ 79. Ke3 Ra4 80. Rf4 Ra3+ 81. Kd4 Ra5 82. Rf1 Rb5 83. Kc4 Rc5+ 84. Kb4 Rd5 85. g4 Kg8 86. Kc4 Rc5+ 87. Kd4 Rb5 88. Rf2 Kg7 89. Ke4 Re5+ 90. Kd3 Rd5+ 91. Kc4 Nb6+ 92. Kb4 Nd7 93. Kc3 Kg8 94. Rf4 Kg7 95. Rf2 Kg8 96. Rb2 Kf7 97. Rf2+ Ke6 98. Re2+ Kf7 99. Kb4 Kg8 100. Rf2 Kg7 101. Kc4 Nb6+ 102. Kc3 Nd7 103. Rf4 Kg8 104. Rd4 Ra5 105. Kb4 Ra6 106. Bd8 Ra8 107. Bc7 Kf7 108. Kb5 Re8 109. Kc6 Ne5+ 110. Kd5 Nd7 111. Rf4+ Kg7 112. Kc6 Ne5+ 113. Kb7 Nd7 114. Bb6 1-0